2778 views
Uploaded 2019-12-03 22:35:26
Game version 1.32.0.3 / 1.32.0.3.1
11:27 long 2on2 ladder game on (4)TwistedMeadows
Saved by BEARAND
2778 views
Uploaded 2019-12-03 22:35:26
Game version 1.32.0.3 / 1.32.0.3.1
11:27 long 2on2 ladder game on (4)TwistedMeadows


32 units @ 2.4k
/ 0k
72 buildings @ 5.2k
/ 2.7k


| Staff of Teleportation | 1 | 150 |
| Boots of Speed | 1 | 250 |
| Healing Salve | 2 | 200 |
| total: | 4 | 600g |
| Peasant | 19 | 1425 | / | 0 |
| total: | 19 | 1425g | / | 0w |
| Scout Tower | 41 | 1230 | / | 820 |
| Arcane Tower | 1 | 70 | / | 50 |
| Guard Tower | 14 | 980 | / | 700 |
| Altar of Kings | 1 | 180 | / | 50 |
| Farm | 4 | 320 | / | 80 |
| Lumber Mill | 1 | 120 | / | 0 |
| Arcane Vault | 1 | 130 | / | 30 |
| Town Hall | 1 | 385 | / | 205 |
| Keep | 1 | 320 | / | 210 |
| Castle | 1 | 360 | / | 210 |
| total: | 49 | 2365g | / | 1185w |
| 0:01 | Peasant |
| 0:01 | Peasant |
| 0:06 | Altar of Kings |
| 0:17 | Farm |
| 0:26 | Peasant |
| 0:36 | Peasant |
| 0:47 | Farm |
| 0:49 | Lumber Mill |
| 0:58 | Peasant |
| 1:06 | Peasant |
| 1:10 | Peasant |
| 1:30 | Scout Tower |
| 1:36 | Peasant |
| 1:46 | Peasant |
| 1:47 | Scout Tower |
| 2:01 | Arcane Tower |
| 2:03 | Peasant |
| 2:04 | Blizzard |
| 2:20 | Peasant |
| 2:20 | Peasant |
| 2:37 | Guard Tower |
| 2:39 | Scout Tower |
| 2:39 | Scout Tower |
| 2:39 | Scout Tower |
| 2:52 | Peasant |
| 2:55 | Peasant |
| 3:10 | Healing Salve |
| 3:27 | Guard Tower |
| 3:41 | Staff of Teleportation |
| 3:41 | Boots of Speed |
| 3:49 | Keep |
| 3:52 | Scout Tower |
| 3:53 | Scout Tower |
| 3:53 | Scout Tower |
| 4:46 | Guard Tower |
| 4:48 | Guard Tower |
| 5:06 | Farm |
| 5:06 | Farm |
| 5:17 | Guard Tower |
| 5:41 | Improved Masonry |
| 5:44 | Arcane Vault |
| 6:29 | Town Hall |
| 6:30 | Brilliance Aura |
| 6:33 | Scout Tower |
| 6:34 | Scout Tower |
| 6:34 | Scout Tower |
| 6:35 | Scout Tower |
| 6:36 | Scout Tower |
| 6:36 | Scout Tower |
| 7:01 | Guard Tower |
| 7:02 | Guard Tower |
| 7:11 | Guard Tower |
| 7:13 | Scout Tower |
| 7:16 | Scout Tower |
| 7:29 | Guard Tower |
| 7:30 | Scout Tower |
| 7:41 | Guard Tower |
| 7:42 | Scout Tower |
| 7:49 | Storm Bolt |
| 8:03 | Guard Tower |
| 8:07 | Peasant |
| 8:07 | Peasant |
| 8:07 | Peasant |
| 8:08 | Improved Lumber Harvesting |
| 8:27 | Guard Tower |
| 8:29 | Scout Tower |
| 8:29 | Scout Tower |
| 9:27 | Castle |
| 9:33 | Scout Tower |
| 9:33 | Scout Tower |
| 9:34 | Scout Tower |
| 9:35 | Scout Tower |
| 9:35 | Scout Tower |
| 9:41 | Peasant |
| 9:41 | Peasant |
| 9:43 | Healing Salve |
| 9:53 | Guard Tower |
| 9:55 | Advanced Masonry |
| 9:59 | Scout Tower |
| 10:00 | Scout Tower |
| 10:00 | Scout Tower |
| 10:01 | Scout Tower |
| 10:01 | Scout Tower |
| 10:02 | Scout Tower |
| 10:03 | Scout Tower |
| 10:03 | Scout Tower |
| 10:49 | Scout Tower |
| 10:50 | Scout Tower |
| 10:51 | Scout Tower |
| 10:51 | Scout Tower |
| 10:52 | Scout Tower |
| 10:52 | Scout Tower |
| 10:53 | Scout Tower |
| 10:53 | Scout Tower |
| 11:25 | Guard Tower |
| Right click | 980 |
| Select | 211 |
| Select group | 211 |
| Build/train/purchase | 53 |
| Use ability | 23 |
| Assign group | 9 |
| Misc. action | 5 |
| Chat | 5 |
| Minimap ping | 2 |
| Item give/drop | 1 |


| Healing Salve | 3 | 300 |
| Boots of Speed | 2 | 500 |
| Staff of Teleportation | 2 | 300 |
| total: | 7 | 1100g |
| Peon | 13 | 975 | / | 0 |
| total: | 13 | 975g | / | 0w |
| Watch Tower | 16 | 1760 | / | 1280 |
| Altar of Storms | 1 | 180 | / | 50 |
| Orc Burrow | 3 | 480 | / | 120 |
| War Mill | 1 | 205 | / | 0 |
| Voodoo Lounge | 2 | 260 | / | 60 |
| Stronghold | 1 | 315 | / | 190 |
| Fortress | 1 | 325 | / | 190 |
| total: | 23 | 2885g | / | 1510w |
| 0:02 | Peon |
| 0:02 | Peon |
| 0:05 | Altar of Storms |
| 0:18 | Orc Burrow |
| 0:33 | War Mill |
| 0:35 | Peon |
| 0:46 | Peon |
| 0:55 | Peon |
| 1:07 | Peon |
| 1:16 | Voodoo Lounge |
| 1:19 | Peon |
| 1:34 | Peon |
| 1:40 | Orc Burrow |
| 1:53 | Peon |
| 2:03 | Watch Tower |
| 2:07 | Shockwave |
| 2:18 | Peon |
| 2:24 | Watch Tower |
| 2:47 | Voodoo Lounge |
| 2:51 | Peon |
| 2:53 | Watch Tower |
| 3:11 | Peon |
| 3:14 | Healing Salve |
| 3:46 | Boots of Speed |
| 3:49 | Staff of Teleportation |
| 4:00 | Peon |
| 4:05 | Watch Tower |
| 4:31 | Watch Tower |
| 5:04 | Stronghold |
| 5:32 | Watch Tower |
| 5:40 | Watch Tower |
| 5:43 | Watch Tower |
| 6:35 | Endurance Aura |
| 6:39 | Watch Tower |
| 6:50 | Watch Tower |
| 7:50 | Reinforced Defenses |
| 8:11 | Orc Burrow |
| 8:15 | Watch Tower |
| 8:17 | Watch Tower |
| 8:24 | Healing Salve |
| 8:30 | Hex |
| 8:36 | Watch Tower |
| 8:41 | Watch Tower |
| 9:19 | Boots of Speed |
| 9:19 | Staff of Teleportation |
| 9:39 | Watch Tower |
| 9:50 | Healing Salve |
| 9:56 | Watch Tower |
| 10:15 | Fortress |
| Right click | 707 |
| Select | 193 |
| Select group | 48 |
| Build/train/purchase | 31 |
| Use ability | 24 |
| Misc. action | 19 |
| Resource trade | 5 |
| Assign group | 2 |
| Remove unit | 1 |
36 units @ 4.9k
/ 0.5k
21 buildings @ 3.3k
/ 1.3k


| Rod of Necromancy | 2 | 300 |
| Orb of Corruption | 1 | 375 |
| total: | 3 | 675g |
| Acolyte | 3 | 225 | / | 0 |
| Ghoul | 5 | 600 | / | 0 |
| Crypt Fiend | 8 | 1720 | / | 320 |
| total: | 16 | 2545g | / | 320w |
| Nerubian Tower | 1 | 100 | / | 20 |
| Crypt | 1 | 200 | / | 50 |
| Altar of Darkness | 1 | 180 | / | 50 |
| Ziggurat | 5 | 750 | / | 250 |
| Tomb of Relics | 1 | 130 | / | 30 |
| Graveyard | 1 | 215 | / | 0 |
| Sacrificial Pit | 1 | 75 | / | 150 |
| Boneyard | 1 | 175 | / | 200 |
| Halls of the Dead | 1 | 320 | / | 210 |
| Black Citadel | 2 | 650 | / | 460 |
| total: | 11 | 1725g | / | 730w |
| 0:02 | Acolyte |
| 0:06 | Crypt |
| 0:09 | Altar of Darkness |
| 0:23 | Ziggurat |
| 0:31 | Acolyte |
| 0:49 | Tomb of Relics |
| 1:08 | Ghoul |
| 1:22 | Ghoul |
| 1:29 | Ghoul |
| 1:32 | Nerubian Tower |
| 1:36 | Ghoul |
| 1:50 | Ghoul |
| 2:14 | Rod of Necromancy |
| 2:18 | Death Coil |
| 2:31 | Graveyard |
| 2:42 | Ziggurat |
| 3:17 | Halls of the Dead |
| 3:23 | Unholy Aura |
| 4:23 | Crypt Fiend |
| 4:23 | Crypt Fiend |
| 4:53 | Creature Attack |
| 4:54 | Ziggurat |
| 5:31 | Crypt Fiend |
| 5:54 | Rod of Necromancy |
| 5:58 | Crypt Fiend |
| 6:23 | Creature Carapace |
| 6:39 | Crypt Fiend |
| 6:49 | Frost Nova |
| 6:54 | Death Coil |
| 7:03 | Black Citadel |
| 7:37 | Ziggurat |
| 7:39 | Improved Creature Attack |
| 8:17 | Sacrificial Pit |
| 8:21 | Ziggurat |
| 9:16 | Crypt Fiend |
| 9:19 | Frost Armor |
| 9:26 | Boneyard |
| 9:33 | Orb of Corruption |
| 9:47 | Crypt Fiend |
| 9:49 | Acolyte |
| 10:15 | Crypt Fiend |
| Right click | 548 |
| Select | 205 |
| Select group | 133 |
| Build/train/purchase | 43 |
| Assign group | 17 |
| Use ability | 13 |
| Misc. action | 2 |
| Item give/drop | 2 |
| Remove unit | 1 |

| Acolyte | 12 | 900 | / | 0 |
| Ghoul | 3 | 360 | / | 0 |
| Crypt Fiend | 5 | 1075 | / | 200 |
| total: | 20 | 2335g | / | 200w |
| Spirit Tower | 3 | 435 | / | 120 |
| Ziggurat | 4 | 600 | / | 200 |
| Altar of Darkness | 1 | 180 | / | 50 |
| Crypt | 1 | 200 | / | 50 |
| Graveyard | 1 | 215 | / | 0 |
| Tomb of Relics | 1 | 130 | / | 30 |
| Slaughterhouse | 2 | 280 | / | 270 |
| Halls of the Dead | 1 | 320 | / | 210 |
| total: | 10 | 1605g | / | 600w |
| 0:06 | Acolyte |
| 0:11 | Ziggurat |
| 0:14 | Altar of Darkness |
| 0:27 | Crypt |
| 0:37 | Acolyte |
| 1:07 | Graveyard |
| 1:32 | Ghoul |
| 1:38 | Ziggurat |
| 1:48 | Ghoul |
| 2:16 | Ghoul |
| 2:27 | Carrion Beetles |
| 2:37 | Crypt Fiend |
| 2:55 | Crypt Fiend |
| 3:02 | Tomb of Relics |
| 4:07 | Crypt Fiend |
| 4:08 | Crypt Fiend |
| 4:13 | Ziggurat |
| 4:43 | Creature Attack |
| 4:46 | Creature Carapace |
| 5:19 | Spiked Carapace |
| 5:23 | Acolyte |
| 5:23 | Acolyte |
| 5:23 | Acolyte |
| 5:23 | Acolyte |
| 5:24 | Acolyte |
| 6:06 | Crypt Fiend |
| 6:38 | Halls of the Dead |
| 7:52 | Spirit Tower |
| 7:54 | Spirit Tower |
| 7:56 | Spirit Tower |
| 9:05 | Acolyte |
| 9:05 | Acolyte |
| 9:05 | Acolyte |
| 9:05 | Acolyte |
| 9:06 | Acolyte |
| 9:25 | Slaughterhouse |
| 9:32 | Slaughterhouse |
| 9:37 | Ziggurat |
| 10:59 | Carrion Beetles |
| 11:11 | Carrion Beetles |
| Right click | 122 |
| Select | 111 |
| Select group | 44 |
| Build/train/purchase | 34 |
| Assign group | 8 |
| Use ability | 4 |
| Minimap ping | 2 |
โ